TOP OF THE 1ST |
Louisville Bats batting - Pitching for New Orleans Zephyrs : RHP John Dinsmore
|
Pitching: RHP John Dinsmore
|
|
Batting: RHB Ryan Short
|
0-0: Ball 1-0: Ball 2-0: SINGLE (Groundball, 56D, EV 98.1 MPH)
|
Batting: RHB Bruno André
|
0-0: Foul Ball, location: 2F 0-1: Ball 1-1: Reached on error, E6 (Groundball, 6, EV 104.4 MPH) Ryan Short to second
|
Batting: RHB Won-jun Park
|
0-0: Ball 1-0: Swinging Strike 1-1: Swinging Strike 1-2: Strikes out swinging
|
Batting: SHB Freddie Farrar
|
0-0: Called Strike 0-1: Fly out, F4 (Popup, 13, EV 70.6 MPH)
|
Batting: RHB Danny Real
|
0-0: Foul Ball, location: 2F 0-1: Swinging Strike 0-2: Ball Wild Pitch! Ryan Short to third Bruno André to second 1-2: Strikes out looking
|
Top of the 1st over - 0 runs, 1 hit, 1 error, 2 left on base; Louisville 0 - New Orleans 0 |
BOTTOM OF THE 1ST |
New Orleans Zephyrs batting - Pitching for Louisville Bats : RHP André Gaillard
|
Pitching: RHP André Gaillard
|
|
Batting: LHB David Doge
|
0-0: Ball 1-0: Ground out U3 (Groundball, 3, EV 96.2 MPH)
|
Batting: RHB Rick Fell
|
0-0: Ball 1-0: Ball 2-0: Called Strike 2-1: Foul Ball, location: 2F 2-2: Ball 3-2: Ground out 6-3 (Groundball, 6, EV 89.4 MPH)
|
Batting: RHB Manuel Taveras
|
0-0: Called Strike 0-1: SINGLE (Groundball, 6MD, EV 97.5 MPH)
|
Batting: RHB Adam McGurn
|
0-0: Called Strike 0-1: Ball 1-1: Foul Ball, location: 2F 1-2: Foul Ball, location: 2F 1-2: Fly out, F9 (Flyball, 89M, EV 83.1 MPH)
|
Bottom of the 1st over - 0 runs, 1 hit, 0 errors, 1 left on base; Louisville 0 - New Orleans 0 |
TOP OF THE 2ND |
Louisville Bats batting - Pitching for New Orleans Zephyrs : RHP John Dinsmore
|
Batting: SHB Paul Sandoval
|
0-0: Called Strike 0-1: Ball 1-1: Ball 2-1: SINGLE (Groundball, 4D, EV 102.5 MPH)
|
Batting: RHB Pedro Pinero
|
0-0: Called Strike Paul Sandoval is caught stealing 2nd base 2-4 0-1: Foul Ball, location: 2F 0-2: Ground out 5-3 (Groundball, 56, EV 90.0 MPH)
|
Batting: RHB Colin Lord
|
0-0: DOUBLE (Line Drive, 7LM, EV 101.9 MPH)
|
Batting: RHB Matt Silva
|
0-0: Called Strike 0-1: SINGLE (Groundball, 6MD, EV 103.8 MPH) Colin Lord to third Runner from 3rd tries for Home, SAFE, throw by CF to home
|
Batting: RHB Ryan Short
|
0-0: Ground out 4-3 (Groundball, 4, EV 84.4 MPH)
|
Top of the 2nd over - 1 run, 3 hits, 0 errors, 1 left on base; Louisville 1 - New Orleans 0 |
BOTTOM OF THE 2ND |
New Orleans Zephyrs batting - Pitching for Louisville Bats : RHP André Gaillard
|
Batting: LHB Eric Bailey
|
0-0: Called Strike 0-1: Fly out, F9 (Flyball, 9D, EV 90.6 MPH)
|
Batting: RHB Jack Power
|
0-0: Called Strike 0-1: Swinging Strike 0-2: Ball 1-2: Foul Ball, location: 2F 1-2: Ball 2-2: DOUBLE (Flyball, 89XD, EV 107.5 MPH)
|
Batting: RHB Torquato Obawole
|
0-0: Ground out 6-3 (Groundball, 6, EV 106.9 MPH)
|
Batting: RHB Masumitsu Sugiura
|
0-0: Ball 1-0: Ball 2-0: SINGLE (Groundball, 6MD, EV 107.5 MPH) Jack Power to third Runner from 3rd tries for Home, SAFE, throw by CF to home Masumitsu Sugiura to second
|
Batting: RHB John Jackson
|
0-0: Called Strike 0-1: Ground out 3-1 (Groundball, 34, EV 84.4 MPH)
|
Bottom of the 2nd over - 1 run, 2 hits, 0 errors, 1 left on base; Louisville 1 - New Orleans 1 |
TOP OF THE 3RD |
Louisville Bats batting - Pitching for New Orleans Zephyrs : RHP John Dinsmore
|
Batting: RHB Bruno André
|
0-0: Foul Ball, location: 2F 0-1: Foul Ball, location: 2F 0-2: Ball 1-2: SINGLE (Groundball, 25, EV 66.2 MPH) (infield hit)
|
Batting: RHB Won-jun Park
|
0-0: Called Strike 0-1: Ball 1-1: Fly out, F8 (Line Drive, 8LM, EV 93.1 MPH)
|
Batting: SHB Freddie Farrar
|
0-0: Ball 1-0: Ball 2-0: 2-RUN HOME RUN (Flyball, 78XD, EV 104.4 MPH), Distance : 434 ft
|
Batting: RHB Danny Real
|
0-0: Ball 1-0: Called Strike 1-1: Fly out, F9 (Flyball, 9, EV 84.4 MPH)
|
Batting: SHB Paul Sandoval
|
0-0: SINGLE (Groundball, 4M, EV 107.5 MPH) (infield hit)
|
Batting: RHB Pedro Pinero
|
0-0: Called Strike 0-1: Called Strike 0-2: Fly out, F6 (Popup, 6D, EV 58.8 MPH)
|
Top of the 3rd over - 2 runs, 3 hits, 0 errors, 1 left on base; Louisville 3 - New Orleans 1 |
BOTTOM OF THE 3RD |
New Orleans Zephyrs batting - Pitching for Louisville Bats : RHP André Gaillard
|
Batting: LHB David Doge
|
0-0: Called Strike 0-1: Ball 1-1: Ground out 4-3 (Groundball, 34D, EV 103.1 MPH)
|
Batting: RHB Rick Fell
|
0-0: Called Strike 0-1: Ball 1-1: Called Strike 1-2: Fly out, F9 (Flyball, 9, EV 87.5 MPH)
|
Batting: RHB Manuel Taveras
|
0-0: Ball 1-0: Ball 2-0: SINGLE (Line Drive, 6MD, EV 98.8 MPH)
|
Batting: RHB Adam McGurn
|
0-0: Ball 1-0: Ball Manuel Taveras is caught stealing 2nd base 2-4
|
Bottom of the 3rd over - 0 runs, 1 hit, 0 errors, 0 left on base; Louisville 3 - New Orleans 1 |
TOP OF THE 4TH |
Louisville Bats batting - Pitching for New Orleans Zephyrs : RHP John Dinsmore
|
Batting: RHB Colin Lord
|
0-0: Ball 1-0: Ball 2-0: Foul Ball, location: 2F 2-1: Ball 3-1: SINGLE (Flyball, 9LS, EV 97.5 MPH)
|
Batting: RHB Matt Silva
|
0-0: Called Strike 0-1: Reached on error, E5 (Groundball, 56S, EV 83.8 MPH) Colin Lord to second
|
Batting: RHB Ryan Short
|
0-0: Ball 1-0: Fly out, F8 (Flyball, 8RD, EV 95.0 MPH)
|
Batting: RHB Bruno André
|
0-0: Fly out, F8 (Flyball, 8RD, EV 103.1 MPH)
|
Batting: RHB Won-jun Park
|
0-0: Called Strike 0-1: Ball 1-1: Ball 2-1: Ball 3-1: Called Strike 3-2: Base on Balls Colin Lord to third Matt Silva to second
|
Batting: SHB Freddie Farrar
|
0-0: Ball 1-0: Fly out, F8 (Flyball, 8RM, EV 86.9 MPH)
|
Top of the 4th over - 0 runs, 1 hit, 1 error, 3 left on base; Louisville 3 - New Orleans 1 |
BOTTOM OF THE 4TH |
New Orleans Zephyrs batting - Pitching for Louisville Bats : RHP André Gaillard
|
Batting: RHB Adam McGurn
|
0-0: Ball 1-0: Foul Ball, location: 2F 1-1: Fly out, F9 (Line Drive, 9, EV 96.2 MPH)
|
Batting: LHB Eric Bailey
|
0-0: Ball 1-0: Foul Ball, location: 2F 1-1: Ball 2-1: Ball 3-1: SINGLE (Groundball, 34D, EV 105.6 MPH)
|
Batting: RHB Jack Power
|
0-0: Ball 1-0: Ball 2-0: Called Strike 2-1: Foul Ball, location: 2F 2-2: Ball 3-2: Grounds into double play, 5-4-3 (Groundball, 56, EV 90.6 MPH)
|
Bottom of the 4th over - 0 runs, 1 hit, 0 errors, 0 left on base; Louisville 3 - New Orleans 1 |
TOP OF THE 5TH |
Louisville Bats batting - Pitching for New Orleans Zephyrs : RHP John Dinsmore
|
Batting: RHB Danny Real
|
0-0: Fly out, F7 (Flyball, 7LS, EV 84.4 MPH)
|
Batting: SHB Paul Sandoval
|
0-0: Ball 1-0: Foul Ball, location: 2F 1-1: Foul Ball, location: 2F 1-2: Ball 2-2: Ball 3-2: Base on Balls
|
Batting: RHB Pedro Pinero
|
0-0: Ball 1-0: Ball 2-0: Called Strike 2-1: Grounds into double play, 4-6-3 (Groundball, 4, EV 79.4 MPH)
|
Top of the 5th over - 0 runs, 0 hits, 0 errors, 0 left on base; Louisville 3 - New Orleans 1 |
BOTTOM OF THE 5TH |
New Orleans Zephyrs batting - Pitching for Louisville Bats : RHP André Gaillard
|
Batting: RHB Torquato Obawole
|
0-0: Ball 1-0: Fly out, F3 (Popup, 3SF, EV 74.4 MPH)
|
Batting: RHB Masumitsu Sugiura
|
0-0: Ball 1-0: Foul Ball, location: 2F 1-1: Called Strike 1-2: Ball 2-2: Foul Ball, location: 2F 2-2: Foul Ball, location: 2F 2-2: Strikes out swinging
|
Batting: RHB John Jackson
|
0-0: Foul Ball, location: 2F 0-1: Foul Ball, location: 2F 0-2: Ball 1-2: Ball 2-2: Ball 3-2: Base on Balls
|
Batting: LHB David Doge
|
0-0: Ball 1-0: Ball 2-0: Ball Wild Pitch! John Jackson to second 3-0: Called Strike 3-1: Ground out 4-3 (Groundball, 4, EV 85.0 MPH)
|
Bottom of the 5th over - 0 runs, 0 hits, 0 errors, 1 left on base; Louisville 3 - New Orleans 1 |
TOP OF THE 6TH |
Louisville Bats batting - Pitching for New Orleans Zephyrs : RHP John Dinsmore
|
Batting: RHB Colin Lord
|
0-0: Ball 1-0: Ball 2-0: Fly out, F7 (Flyball, 7, EV 85.0 MPH)
|
Batting: RHB Matt Silva
|
0-0: Ball 1-0: SINGLE (Flyball, 6MD, EV 90.6 MPH)
|
Batting: RHB Ryan Short
|
0-0: Fielders Choice at 2nd, 5-4 (Groundball, 56, EV 85.6 MPH)
|
Batting: RHB Bruno André
|
0-0: Swinging Strike 0-1: Swinging Strike 0-2: Ball 1-2: Strikes out looking
|
Top of the 6th over - 0 runs, 1 hit, 0 errors, 1 left on base; Louisville 3 - New Orleans 1 |
BOTTOM OF THE 6TH |
New Orleans Zephyrs batting - Pitching for Louisville Bats : RHP André Gaillard
|
Batting: RHB Rick Fell
|
0-0: Swinging Strike 0-1: Foul Ball, location: 2F 0-2: Ball 1-2: Foul Ball, location: 2F 1-2: Foul Ball, location: 2F 1-2: Ground out 5-3 (Groundball, 56, EV 103.8 MPH)
|
Batting: RHB Manuel Taveras
|
0-0: Foul Ball, location: 2F 0-1: Ball 1-1: Ball 2-1: Foul Ball, location: 2F 2-2: Ball 3-2: Ground out 6-3 (Groundball, 6, EV 105.6 MPH)
|
Batting: RHB Adam McGurn
|
0-0: Ball 1-0: Swinging Strike 1-1: Ball 2-1: Ball 3-1: Called Strike 3-2: Ground out 5-3 (Groundball, 56, EV 88.8 MPH)
|
Bottom of the 6th over - 0 runs, 0 hits, 0 errors, 0 left on base; Louisville 3 - New Orleans 1 |
TOP OF THE 7TH |
Louisville Bats batting - Pitching for New Orleans Zephyrs : RHP John Dinsmore
|
Batting: RHB Won-jun Park
|
0-0: Ball 1-0: Ball 2-0: Called Strike 2-1: Ball 3-1: Base on Balls
|
Batting: SHB Freddie Farrar
|
0-0: Fly out, F9 (Flyball, 9D, EV 95.6 MPH)
|
Batting: RHB Danny Real
|
0-0: Called Strike 0-1: Fly out, F9 (Flyball, 9, EV 85.6 MPH)
|
Batting: SHB Paul Sandoval
|
Pickoff Throw to First - Out! 1-3
|
Top of the 7th over - 0 runs, 0 hits, 0 errors, 0 left on base; Louisville 3 - New Orleans 1 |
BOTTOM OF THE 7TH |
New Orleans Zephyrs batting - Pitching for Louisville Bats : RHP André Gaillard
|
Batting: LHB Eric Bailey
|
0-0: Fly out, F8 (Flyball, 8LM, EV 84.4 MPH)
|
Batting: RHB Jack Power
|
0-0: Foul Ball, location: 2F 0-1: Fly out, F8 (Flyball, 78M, EV 91.2 MPH)
|
Batting: RHB Torquato Obawole
|
0-0: Ball 1-0: Foul Ball, location: 2F 1-1: SINGLE (Groundball, 4MD, EV 96.2 MPH)
|
Batting: RHB Masumitsu Sugiura
|
0-0: Swinging Strike 0-1: Ball 1-1: Swinging Strike 1-2: Strikes out swinging
|
Bottom of the 7th over - 0 runs, 1 hit, 0 errors, 1 left on base; Louisville 3 - New Orleans 1 |
TOP OF THE 8TH |
Louisville Bats batting - Pitching for New Orleans Zephyrs : RHP John Dinsmore
|
Batting: SHB Paul Sandoval
|
0-0: Called Strike 0-1: Ball 1-1: Ball 2-1: Foul Ball, location: 2F 2-2: Ball 3-2: Ground out 1-3 (Groundball, P, EV 62.5 MPH)
|
Pitching: RHP Matt Murray
|
|
Batting: RHB Pedro Pinero
|
0-0: Foul Ball, location: 2F 0-1: SINGLE (Groundball, 56S, EV 72.5 MPH) (infield hit)
|
Batting: RHB Colin Lord
|
0-0: Grounds into double play, 6-4-3 (Groundball, 6, EV 81.2 MPH)
|
Top of the 8th over - 0 runs, 1 hit, 0 errors, 0 left on base; Louisville 3 - New Orleans 1 |
BOTTOM OF THE 8TH |
New Orleans Zephyrs batting - Pitching for Louisville Bats : RHP André Gaillard
|
Pitching: RHP Giovonni Morgia
|
|
Batting: RHB John Jackson
|
0-0: Called Strike 0-1: Called Strike 0-2: Fly out, F8 (Flyball, 78XD, EV 108.1 MPH)
|
Batting: LHB David Doge
|
0-0: Ball 1-0: Ball 2-0: Ball 3-0: Called Strike 3-1: Foul Ball, location: 2F 3-2: Strikes out looking
|
Batting: RHB Rick Fell
|
0-0: Foul Ball, location: 2F 0-1: Ball 1-1: Foul Ball, location: 2F 1-2: DOUBLE (Line Drive, 7LD, EV 101.2 MPH)
|
Batting: RHB Manuel Taveras
|
0-0: Called Strike 0-1: Called Strike 0-2: Foul Ball, location: 2F 0-2: Foul Ball, location: 2F 0-2: Foul Ball, location: 2F 0-2: Ground out U3 (Groundball, 34, EV 94.4 MPH)
|
Bottom of the 8th over - 0 runs, 1 hit, 0 errors, 1 left on base; Louisville 3 - New Orleans 1 |
TOP OF THE 9TH |
Louisville Bats batting - Pitching for New Orleans Zephyrs : RHP Matt Murray
|
Batting: RHB Matt Silva
|
0-0: Swinging Strike 0-1: Ball 1-1: Foul Ball, location: 2F 1-2: Strikes out swinging, 2-3 out at first.
|
Batting: RHB Ryan Short
|
0-0: Ground out 5-3 (Groundball, 56S, EV 73.8 MPH)
|
Batting: RHB Bruno André
|
0-0: Ball 1-0: Ball 2-0: Called Strike 2-1: Ball 3-1: Ground out 4-3 (Groundball, 4, EV 84.4 MPH)
|
Top of the 9th over - 0 runs, 0 hits, 0 errors, 0 left on base; Louisville 3 - New Orleans 1 |
BOTTOM OF THE 9TH |
New Orleans Zephyrs batting - Pitching for Louisville Bats : RHP Giovonni Morgia
|
Pitching: RHP Robbie Delgado
|
|
Batting: RHB Adam McGurn
|
0-0: Ball 1-0: Called Strike 1-1: Ball 2-1: Foul Ball, location: 2F 2-2: Strikes out swinging
|
Batting: LHB Eric Bailey
|
0-0: Ball 1-0: Foul Ball, location: 2F 1-1: SINGLE (Flyball, 6D, EV 87.5 MPH)
|
Batting: RHB Jack Power
|
0-0: Ball 1-0: Fly out, F8 (Flyball, 8LD, EV 93.8 MPH)
|
Batting: RHB Torquato Obawole
|
0-0: Called Strike 0-1: Called Strike 0-2: Ball 1-2: Foul Ball, location: 2F 1-2: Strikes out swinging
|
Bottom of the 9th over - 0 runs, 1 hit, 0 errors, 1 left on base; Louisville 3 - New Orleans 1 |
|